 Dungeon Crawl Stone Soup version 0.21.1-1-g345015f (webtiles) character file.

89 letownia2 the Magician (level 4, 0/30 HPs)
             Began as a Merfolk Wizard on Mar 19, 2018.
             Succumbed to an adder's poison
             ... on level 3 of the Dungeon.
             The game lasted 00:06:31 (891 turns).

letownia2 the Magician (Merfolk Wizard)              Turns: 891, Time: 00:06:32

Health: 0/30       AC:  3    Str:  8    XL:     4   Next: 55%
Magic:  3/18       EV: 12    Int: 17    God:
Gold:   66         SH:  0    Dex: 12    Spells: 0/9 levels left

rFire    . . .     SeeInvis .   i - -2 dagger (curse)
rCold    + . .     Gourm    .   (no shield)
rNeg     . . .     Faith    .   r - +0 leather armour
rPois    .         Spirit   .   b - +0 hat
rElec    .         Reflect  .   (no cloak)
rCorr    .         Harm     .   (no gloves)
MR       .....                  (no boots)
Stlth    +.........             (no amulet)
HPRegen  0.10/turn              e - ring of protection from cold
MPRegen  0.16/turn              k - ring of magical power (curse)

@: confused, lethally poisoned (0 -> -6), very slightly contaminated
A: change form in water, swift swim, stealthy swim
a: no special abilities


You were on level 3 of the Dungeon.
You were hungry.

You visited 1 branch of the dungeon, and saw 4 of its levels.

You collected 66 gold pieces.

Inventory:

Hand Weapons
 h - a cursed +0 hunting sling
 i - a cursed -2 dagger (weapon)
 j - a +0 hunting sling
 l - a +0 spear
Missiles
 q - 2 javelins (quivered)
Armour
 a - a +0 robe
 b - a +0 hat (worn)
 r - a +0 leather armour (worn)
Jewellery
 e - a ring of protection from cold (left hand)
 k - a cursed ring of magical power (right hand)
Wands
 m - a wand of random effects (12)
Potions
 f - 2 potions of might {unknown}
 n - a potion of curing
Books
 c - a book of Minor Magic

   Spells                             Type                      Level
   a - Magic Dart                     Conjuration                  1
   b - Blink                          Translocation                2
   c - Call Imp                       Summoning                    2
   d - Slow                           Hexes                        2
   e - Conjure Flame                  Conjuration/Fire             3
   f - Mephitic Cloud                 Conjuration/Poison/Air       3
Comestibles
 d - 5 rations


   Skills:
 - Level 2.6 Dodging
 - Level 2.1 Stealth
 + Level 3.3 Spellcasting
 - Level 1.7 Conjurations
 - Level 2.0 Summonings
   Level 0.7 Translocations
 + Level 0.3 Fire Magic
 - Level 1.1 Air Magic
 - Level 1.4 Poison Magic


You couldn't memorise any spells.
You knew the following spells:

 Your Spells              Type           Power        Failure   Level  Hunger
a - Magic Dart            Conj           #...         12%         1    None
c - Conjure Flame         Conj/Fire      #.......     43%         3    ###....
e - Mephitic Cloud        Conj/Pois/Air  #.......     38%         3    ###....
i - Call Imp              Summ           #.......     16%         2    ##.....


Dungeon Overview and Level Annotations

Branches:
Dungeon (4/15)
 Temple: D:4-7

Altars:
Elyvilon

Annotations:
D:4 Ijyb; miragecloak's ghost, amateur FoAK


Message History

You are confused.
* * * LOW HITPOINT WARNING * * *
x2 You feel sick.
The adder is engulfed in noxious fumes.
The adder appears confused.
Unknown command.
Unknown command.
You are engulfed in noxious fumes.
You choke on the stench!
You are more confused.
* * * LOW HITPOINT WARNING * * *
Found a stone staircase leading down.
Unknown command.
Unknown command.
You are engulfed in noxious fumes.
You choke on the stench!
You are more confused.
* * * LOW HITPOINT WARNING * * *
You feel sick.
You are engulfed in noxious fumes.
You choke on the stench!
You are more confused.
* * * LOW HITPOINT WARNING * * *
You die...

######### ###.#
........# #.#.#
#######.#####.#.#
÷.............#.# #
#######.#####.#.# .#
..............#.# .#
..............#.##.#
..............#§...###..
...............§@......>
..............§....)....
.............S#.####....
.................. ...
..............#..#. ##
.................#
................##
.................
.......<......#.


You could see an adder (confused).

Vanquished Creatures
  A worker ant (D:4)
  3 gnolls (D:3)
  2 adders
  A leopard gecko (D:2)
  3 orcs (D:3)
  4 bats
  A giant cockroach (D:2)
  3 goblins (D:2)
  A hobgoblin (D:2)
  A quokka (D:4)
  3 frilled lizards
  A kobold (D:3)
  A rat (D:2)
25 creatures vanquished.

Vanquished Creatures (others)
  5 toadstools (D:1)
5 creatures vanquished.

Grand Total: 30 creatures vanquished

Notes
Turn   | Place    | Note
-------+----------+-------------------------------------------
     0 | D:1      | letownia2 the Merfolk Wizard began the quest for the Orb.
     0 | D:1      | Reached XP level 1. HP: 13/13 MP: 4/4
    69 | D:2      | Reached skill level 1 in Conjurations
    69 | D:2      | Reached XP level 2. HP: 19/19 MP: 1/6
   131 | D:2      | Learned a level 2 spell: Call Imp
   377 | D:3      | Reached XP level 3. HP: 19/24 MP: 7/7
   382 | D:3      | Learned a level 3 spell: Mephitic Cloud
   416 | D:4      | Noticed Ijyb
   538 | D:3      | Found a white marble altar of Elyvilon.
   579 | D:4      | Noticed miragecloak's ghost (amateur FoAK)
   584 | D:4      | Reached skill level 1 in Poison Magic
   660 | D:3      | Reached XP level 4. HP: 26/30 MP: 8/8
   733 | D:4      | Learned a level 3 spell: Conjure Flame
   751 | D:4      | Reached skill level 1 in Air Magic
   891 | D:3      | HP: 1/30 [cloud of noxious fumes (2)]
   891 | D:3      | Succumbed to an adder's poison

Skill      XL: |  1  2  3  4 |
---------------+-------------+-----
Conjurations   | 1 |  1.7
Summonings     | 2 |  2.0
Poison Magic   | 1 |  1.4
Air Magic      | 1 |  1.1
Dodging        | |  2.6
Stealth        | |  2.1
Spellcasting   | |  3.3
Translocations | |  0.7
Fire Magic     | |  0.3

Action                   |  1- 3 |  4- 6 || total
-------------------------+-------+-------++-------
Melee: Dagger            |    23 |     1 ||    24
Throw: Javelin           |     4 |     6 ||    10
 Cast: Magic Dart        |    48 |    17 ||    65
       Mephitic Cloud    |     2 |     4 ||     6
  Use: Scroll            |     1 |     3 ||     4
 Stab: Sleeping          |     2 |       ||     2
Armor: Robe              |    14 |     1 ||    15
       Leather armour    |       |     1 ||     1
Dodge: Dodged            |    45 |    10 ||    55
